 Dungeon Crawl Stone Soup version 0.22-a0-775-ga7d80019b5 (webtiles) character file.

16247 Htamos the Cleaver (level 12, -2/97 HPs)
             Began as a Formicid Fighter on July 18, 2018.
             Was a High Priest of Okawaru.
             Splashed by an orc warrior's acid (9 damage)
             ... on level 12 of the Dungeon.
             The game lasted 00:53:44 (12833 turns).

Htamos the Cleaver (Formicid Fighter)              Turns: 12833, Time: 00:53:45

Health: -2/97      AC: 19    Str: 22    XL:     12   Next: 67%
Magic:  12/12      EV:  7    Int: 10    God:    Okawaru [*****.]
Gold:   171        SH: 13    Dex: 12    Spells: 11/11 levels left

rFire    + + .     SeeInvis +   M - +6 battleaxe (chop)
rCold    . . .     Gourm    .   c - +1 shield
rNeg     . . .     Faith    .   C - +2 plate armour {rPois}
rPois    +         Spirit   .   (helmet unavailable)
rElec    .         Reflect  .   d - +0 cloak
rCorr    .         Harm     .   (no gloves)
MR       +....                  E - +0 pair of boots
Stlth    ..........             (no amulet)
HPRegen  0.26/turn              v - ring of protection from fire
MPRegen  0.13/turn              j - ring of protection from fire

@: no status effects
A: permanent stasis, dig shafts and tunnels, four strong arms, antennae 3
a: Dig, Shaft Self, Heroism, Finesse, Renounce Religion


You were on level 12 of the Dungeon.
You worshipped Okawaru.
Okawaru was extremely pleased with you.
You were hungry.

You visited 2 branches of the dungeon, and saw 14 of its levels.
You also visited: Ossuary.

You collected 951 gold pieces.
You spent 780 gold pieces at shops.

Inventory:

Hand Weapons
 a - a +0 war axe
 r - a +3 war axe of chaos
 w - a +0 battleaxe
 z - a +2 broad axe of freezing
 G - a +2 hand axe of electrocution
 M - a +6 battleaxe of chopping (weapon)
Missiles
 h - 220 stones (quivered)
Armour
 b - a +0 scale mail
 c - a +1 shield (worn)
 d - a +0 cloak (worn)
 n - a +2 buckler of protection
 q - a +1 chain mail of fire resistance
 C - a +2 plate armour of poison resistance (worn)
 E - a +0 pair of boots (worn)
Jewellery
 j - a ring of protection from fire (right hand)
 t - an uncursed amulet of magic regeneration {unknown}
 v - a ring of protection from fire (left hand)
 H - an uncursed ring of resist corrosion
 J - an uncursed ring of wizardry {unknown}
Wands
 s - a wand of random effects (88)
 y - a wand of enslavement (12)
 A - a wand of iceblast (7)
 F - a wand of polymorph (18)
 L - a wand of flame (22)
Scrolls
 k - a scroll of fog
 l - 2 scrolls of enchant armour
 p - 4 scrolls of remove curse
 u - 3 scrolls of vulnerability
 D - a scroll of fear
 I - a scroll of amnesia
Potions
 e - a potion of mutation
 i - 2 potions of flight
 x - a potion of agility
Comestibles
 f - 22 rations


   Skills:
 + Level 10.1 Fighting
 * Level 12.2 Axes
 + Level 10.2 Armour
 - Level 5.0 Stealth
 + Level 11.0 Shields


You had 11 spell levels left.
You didn't know any spells.
Your spell library contained the following spells:

 Spells                   Type           Power        Failure   Level  Hunger
 Mephitic Cloud           Conj/Pois/Air  #.......     100%        3    ####...
 Venom Bolt               Conj/Pois      #.........   100%        5    ######.
 Olgreb's Toxic Radiance  Pois           #.......     100%        4    #####..
 Sting                    Conj/Pois      #...         99%         1    ##.....
 Poisonous Vapours        Pois/Air       #.....       100%        2    ###....


Dungeon Overview and Level Annotations

Branches:
Dungeon (13/15)            Temple (1/1) D:4            Lair (0/6) D:10
    Orc: D:9-12      Vaults: D:13-14

Altars:
Ashenzari
Dithmenos
Elyvilon
Fedhas
Gozag
Hepliaklqana
Kikubaaqudgha
Nemelex Xobeh
Okawaru
Qazlal
Ru
Trog
Uskayaw
Vehumet
Wu Jian
Xom

Shops:
D:4 %   D:7 %   D:8 [   D:9 (


Innate Abilities, Weirdness & Mutations

You cannot be hasted, slowed, berserked, paralysed or teleported.
You can dig through walls and to a lower floor.
Your four strong arms can wield two-handed weapons with a shield.
You have a pair of large antennae on your head. (SInv)


Message History

Gang up on whom?
Press: ? - help, Dir - move target cursor, f - orc, p - orc warrior
Aim: an orc, wielding a whip Attack!
Your orc warrior throws a stone.
The stone hits the orc.
Your orc warrior throws a stone.
The stone hits the orc.
The orc dies!
Okawaru accepts your kill.
An orc comes into view. It is wielding a hand axe.
Your orc warrior throws a stone.
The stone hits the orc!
The orc dies!
You feel less wooden.
Your +0 cloak unmelds from your body.
Your +0 pair of boots unmelds from your body.
Your +2 plate armour of poison resistance unmelds from your body.
You feel resistant to poison.
The orc warrior is no longer charmed.
You block the orc warrior's attack.
The orc warrior zaps a wand.
The bolt of acid hits you!
* * * LOW HITPOINT WARNING * * *
You are splashed with acid!
The acid burns!
You die...

. ### ##### . . ###..
#.... ..#.
....##########.... ....###
#........).†.... ......
#..........#.÷)(
#.#..####...............
#.#....).†....(......#####
.)..)...o@........)..#
##...##)###..........# #.
#..# #..........# ...##
#..........# ...#
#..........# #(..
############ .)... ....


You could see an orc warrior.

Vanquished Creatures
  Gastronok (D:9)
  6 two-headed ogres
  4 ugly things
  A manticore (D:12)
  2 gargoyles
  Psyche (D:10)
  A troll (D:12)
  Grinder (D:6)
  5 slime creatures (D:12)
  2 hippogriffs
  4 yaks (D:9)
  A shadow (D:8)
  A vampire (D:12)
  3 orc warriors
  An ice beast (D:5)
  2 sky beasts
  A black bear (D:9)
  3 phantoms
  The ghost of Deemzul the Skirmisher, an amateur DsFi of Cheibriados (D:4)
  6 ogres
  13 centaurs
  2 crocodiles (D:12)
  A big kobold (D:7)
  4 bullfrogs
  2 gnoll sergeants
  A wyvern skeleton (D:6)
  4 scorpions
  A water moccasin skeleton (D:4)
  4 killer bees (D:12)
  A howler monkey (D:6)
  A bullfrog zombie (D:9)
  4 crimson imps
  6 hounds
  A bullfrog skeleton (D:7)
  4 orc priests
  3 gnoll shamans
  3 iguanas
  Ijyb (D:4)
  6 orc wizards
  7 worker ants
  2 big kobold zombies (Ossuary)
  8 mummies (Ossuary)
  7 gnolls
  14 adders
  2 shadow imps
  An ooze (shapeshifter) (D:7)
  2 oozes
  An adder zombie (D:9)
  2 adder skeletons
  6 worms
  5 dart slugs
  7 leopard geckos
  40 orcs
  4 giant cockroaches
  8 goblins
  17 hobgoblins
  12 jackals
  17 kobolds
  5 quokkas
  6 ball pythons
  9 bats
  8 frilled lizards
  A gnoll zombie (Ossuary)
  A jackal skeleton (D:6)
  A jackal zombie (D:5)
  3 kobold zombies (Ossuary)
  2 orc zombies (Ossuary)
  6 rats
313 creatures vanquished.

Vanquished Creatures (collateral kills)
  A centaur skeleton (D:12)
  A necrophage (D:12)
  An orc priest (D:12)
  An orc wizard (D:12)
  3 orcs (D:12)
  A hobgoblin (D:6)
8 creatures vanquished.

Vanquished Creatures (others)
  A two-headed ogre (D:12)
  4 plants (D:6)
5 creatures vanquished.

Grand Total: 326 creatures vanquished

Notes
Turn   | Place    | Note
-------+----------+-------------------------------------------
     0 | D:1      | Htamos the Formicid Fighter began the quest for the Orb.
     0 | D:1      | Reached XP level 1. HP: 18/18 MP: 1/1
   207 | D:1      | Reached XP level 2. HP: 24/24 MP: 2/2
   274 | D:1      | Reached skill level 1 in Stealth
   467 | D:1      | Reached XP level 3. HP: 25/29 MP: 3/3
  1289 | D:2      | Reached XP level 4. HP: 36/37 MP: 4/4
  1960 | D:2      | Found a blossoming altar of Fedhas.
  2181 | D:2      | Reached XP level 5. HP: 36/42 MP: 5/5
  2280 | D:3      | Reached skill level 3 in Axes
  2390 | D:3      | Found a white marble altar of Elyvilon.
  2557 | D:3      | Found an opulent altar of Gozag.
  3146 | D:4      | Found a stormy altar of Qazlal.
  3179 | D:4      | Found a sand-covered staircase.
  3180 | D:4      | Noticed Ijyb
  3208 | Ossuary  | Entered an ossuary
  3459 | Ossuary  | Reached XP level 6. HP: 25/48 MP: 6/6
  4114 | D:4      | Reached skill level 4 in Axes
  4132 | D:4      | Reached XP level 7. HP: 55/55 MP: 7/7
  4145 | D:4      | Found a staircase to the Ecumenical Temple.
  4163 | Temple   | Entered the Ecumenical Temple
  4264 | Temple   | Became a worshipper of Warmaster Okawaru
  4332 | D:4      | Found Uxuxuz's Food Boutique.
  4364 | D:4      | Reached skill level 5 in Shields
  4482 | D:4      | Killed Ijyb
  4733 | D:4      | Found a bloodstained altar of Trog.
  4800 | D:4      | Found a runed door.
  4806 | D:4      | Noticed Deemzul's ghost (amateur DsFi)
  5134 | D:4      | Killed Deemzul's ghost
  5134 | D:4      | Reached skill level 5 in Armour
  5193 | D:5      | Entered Level 5 of the Dungeon
  5263 | D:5      | Reached * piety under Okawaru
  5263 | D:5      | Reached skill level 5 in Fighting
  5263 | D:5      | Reached skill level 5 in Axes
  5263 | D:5      | Reached XP level 8. HP: 53/62 MP: 8/8
  5409 | D:5      | Identified a scroll of acquirement
  6063 | D:5      | Reached skill level 5 in Stealth
  6317 | D:6      | Reached skill level 6 in Axes
  6324 | D:6      | Reached ** piety under Okawaru
  6331 | D:6      | Reached XP level 9. HP: 69/69 MP: 9/9
  6589 | D:6      | Found a shimmering altar of Xom.
  6594 | D:6      | Noticed Grinder
  6621 | D:6      | Killed Grinder
  6621 | D:6      | Reached skill level 7 in Axes
  6645 | D:6      | Found a bloodstained altar of Trog.
  6995 | D:6      | Reached *** piety under Okawaru
  7136 | D:6      | Found a radiant altar of Vehumet.
  7619 | D:6      | Reached skill level 8 in Axes
  7619 | D:6      | Reached XP level 10. HP: 72/77 MP: 10/10
  8116 | D:7      | Found Segamm's Food Shop.
  8451 | D:8      | Noticed a two-headed ogre
  8457 | D:8      | Killed a two-headed ogre
  8457 | D:8      | Reached **** piety under Okawaru
  8457 | D:8      | Reached skill level 9 in Axes
  8543 | D:8      | Found Qoicu's Antique Armour Boutique.
  8557 | D:8      | Found a sparkling altar of Nemelex Xobeh.
  8561 | D:8      | Noticed a two-headed ogre
  8591 | D:8      | Killed a two-headed ogre
  8842 | D:8      | Found a hazy altar of Hepliaklqana.
  8844 | D:8      | Found a radiant altar of Vehumet.
  8846 | D:8      | Found a shattered altar of Ashenzari.
  8905 | D:8      | Noticed a two-headed ogre
  8909 | D:8      | Noticed a two-headed ogre
  8924 | D:8      | Killed a two-headed ogre
  8924 | D:8      | Reached XP level 11. HP: 73/86 MP: 8/11
  8934 | D:8      | Killed a two-headed ogre
  8934 | D:8      | Reached ***** piety under Okawaru
  8934 | D:8      | Reached skill level 10 in Axes
 10050 | D:9      | Found an iron altar of Okawaru.
 10354 | D:9      | Found Yseclimn's Weapon Shoppe.
 10648 | D:9      | Noticed Gastronok
 10687 | D:9      | Killed Gastronok
 11009 | D:8      | Bought a shiny plate armour for 780 gold pieces
 11057 | D:10     | Entered Level 10 of the Dungeon
 11066 | D:10     | Received a gift from Okawaru
 11066 | D:10     | Reached skill level 11 in Axes
 11216 | D:10     | Reached skill level 10 in Shields
 11228 | D:10     | Found a staircase to the Lair.
 11433 | D:10     | Noticed a two-headed ogre
 11435 | D:10     | Noticed a two-headed ogre
 11438 | D:10     | Killed a two-headed ogre
 11448 | D:10     | Killed a two-headed ogre
 11448 | D:10     | Reached XP level 12. HP: 78/96 MP: 4/12
 11888 | D:10     | Noticed Psyche
 11900 | D:10     | Killed Psyche
 12133 | D:11     | You fall through a shaft for 2 floors!
 12240 | D:12     | Received a gift from Okawaru
 12403 | D:12     | Reached skill level 10 in Armour
 12421 | D:12     | Noticed a two-headed ogre
 12459 | D:12     | Reached skill level 10 in Fighting
 12459 | D:12     | Reached skill level 12 in Axes
 12833 | D:12     | Splashed by an orc warrior's acid

Vault maps used:
D:1:      saegor_arrival_simple_e, minmay_split_cup_large
D:2:      old_standard_altar
D:3:      nicolae_overflow_crystal_walls, lemuel_doored_altar
D:4:      lemuel_crystal_altar, temple_green, enter_ossuary_1, serial_shops,
          nicolae_shop_statue_plus, ebering_ghost_reflecting_pool,
          grunt_qazlal_clouds, uniq_ijyb
D:5:      first_ration, saegor_snake_ambush
D:6:      kennysheep_housing_project, lemuel_round_altar, serial_corexii_hall,
          corexii_hall_statues_t, corexii_hall_statues_s, basic_altar,
          moated_statue, trog_book, uniq_grinder
D:7:      serial_shops, shop, corexii_leaking_fountain, minmay_misc_feat_chi
D:8:      overflow_temple_1_default, grunt_temple_overflow_diamond,
          serial_shops, shop
D:9:      basic_altar, serial_shops, kennysheep_little_box, uniq_gastronok
D:10:     lair_entry_dummy, uniq_psyche
D:11:     orc_0_dummy, the_bakery, grunt_decor_one_mirror
D:12:     enter_trove_1
D:13:     david_vaults_1
Temple:   dshaligram_water_room_temple
Ossuary:  ossuary_tomb_3

Skill      XL: |  1  2  3  4  5  6  7  8  9 10 11 12 |
---------------+-------------------------------------+-----
Stealth        | 1 2 3 4 5 |  5.0
Shields        | 4 5 6 7 8 10 11 | 11.0
Axes           | 3 4 5 6 8 9 11 12 | 12.2
Armour         | 4 5 6 8 9 10 | 10.2
Fighting       | 4 5 6 8 9 10 | 10.1

Action                   |  1- 3 |  4- 6 |  7- 9 | 10-12 || total
-------------------------+-------+-------+-------+-------++-------
Melee: War axe           |   114 |   247 |   332 |   103 ||   796
       Unarmed           |       |       |     2 |       ||     2
       Broad axe         |       |       |       |   182 ||   182
       Hand axe          |       |       |       |   133 ||   133
       Battleaxe         |       |       |       |    67 ||    67
Invok: Heroism           |       |       |       |     3 ||     3
       Finesse           |       |       |       |     1 ||     1
 Abil: Dig               |    17 |     4 |     5 |     6 ||    32
Evoke: Wand              |       |       |     3 |    15 ||    18
       Phantom mirror    |       |       |       |     1 ||     1
  Use: Scroll            |       |     9 |     8 |     5 ||    22
       Potion            |       |     6 |     1 |    11 ||    18
 Stab: Paralysed         |       |       |    10 |     1 ||    11
  Eat: Chunk             |     2 |    10 |    12 |    18 ||    42
Armor: Scale mail        |    46 |    80 |     9 |       ||   135
       Skin              |       |    10 |     7 |    10 ||    27
       Chain mail        |       |       |   113 |   103 ||   216
       Plate armour      |       |       |       |    74 ||    74
Dodge: Dodged            |    40 |    84 |    66 |   126 ||   316
Block: Shield            |    63 |   147 |    75 |    84 ||   369
       Buckler           |       |       |    76 |   110 ||   186

Table legend:
 A = Spawn XP
 B = Non-spawn XP
 C = Spawn XP percentage of total XP
 D = Spawn monster count
 E = Non-spawn monster count
 F = Spawn count percentage of total count
 G = Total turns spent on level
                    A         B        C        D         E        F      G
               +---------+---------+-------+---------+---------+-------+---------
         Total |       0 |   23210 |   0.0 |       0 |     321 |   0.0 | 12833
               +---------+---------+-------+---------+---------+-------+---------
           D:1 |       0 |      55 |   0.0 |       0 |      26 |   0.0 |  1063
           D:2 |       0 |      88 |   0.0 |       0 |      26 |   0.0 |  1127
           D:3 |       0 |      95 |   0.0 |       0 |      25 |   0.0 |  1133
           D:4 |       0 |     523 |   0.0 |       0 |      23 |   0.0 |  1064
           D:5 |       0 |     896 |   0.0 |       0 |      28 |   0.0 |  1242
           D:6 |       0 |    2184 |   0.0 |       0 |      48 |   0.0 |  1485
           D:7 |       0 |     859 |   0.0 |       0 |      27 |   0.0 |   531
           D:8 |       0 |    4377 |   0.0 |       0 |      19 |   0.0 |  1267
           D:9 |       0 |    4044 |   0.0 |       0 |      24 |   0.0 |  1339
          D:10 |       0 |    3196 |   0.0 |       0 |      17 |   0.0 |   903
          D:11 |       0 |    1318 |   0.0 |       0 |      15 |   0.0 |   173
          D:12 |       0 |    5365 |   0.0 |       0 |      27 |   0.0 |   643
       Ossuary |       0 |     210 |   0.0 |       0 |      16 |   0.0 |   695
               +---------+---------+-------+---------+---------+-------+---------
